 Dungeon Crawl Stone Soup version 0.32-a0-675-gdc239d62e1 (console) character file.

Game seed: 14270117944922965665

1635380 elliptic the Conqueror (level 27, 249/249 HPs)
             Began as a Coglin Warper on Mar 12, 2024.
             Was an Elder of Okawaru.
             Escaped with the Orb
             ... and 3 runes!
             The game lasted 04:16:12 (71655 turns).

elliptic the Conqueror (Coglin Warper)             Turns: 71655, Time: 04:16:12

Health: 249/249    AC: 45    Str: 22    XL:     27
Magic:  25/33      EV: 15    Int: 16    God:    Okawaru [****..]
Gold:   5106       SH:  0    Dex: 14    Spells: 27/29 levels left

rFire   + . .        a - +8 eveningstar (freeze) {norare}
rCold   + . .        b - +9 eveningstar (freeze) {Sieglinde}
rNeg    . . .        J - +10 plate armour {Will+} {nodragon}
rPois   .            W - +2 helmet {SInv}
rElec   +            k - scarf {rC+ rF+}
rCorr   .            o - +2 pair of gloves {infuse}
SInv    +            T - +3 pair of seven-league boots {Rampage+∞}
Will    +++..        (amulet unavailable) Stlth
                     (ring unavailable)
HPRegen 0.61/turn    (ring unavailable)
MPRegen 0.23/turn    N - cryoturbine Mk.7 {rElec Slay+3 Clar RMsl}

%: repel missiles, clarity, rampage+inf, infuse magic (1 MP)
@: hasted, very quick
A: off-hand wielding, slow wielding, warmup strikes, no jewellery, MP-powered
wands, sturdy frame 1
0: Orb of Zot
}: 3/15 runes: barnacled, silver, gossamer
a: Renounce Religion, Heroism, Finesse


You escaped.
You worshipped Okawaru.
Okawaru was greatly pleased with you.
You visited 11 branches of the dungeon, and saw 51 of its levels.
You also visited: Sewer, Volcano, Wizlab and Desolation.

You collected 8773 gold pieces.
You spent 3667 gold pieces at shops.


Innate Abilities, Weirdness & Mutations

You can wield a second weapon in your off-hand.
It takes a long time for you to wield or remove held weapons.
Your first few attacks do less damage.
You cannot equip rings or amulets.
You expend magic power (3 MP) to strengthen your wands.
Your movements are slightly less encumbered by armour. (ER -2)


   Skills:
 O Level 27 Fighting
 - Level 2.9(3.5) Short Blades
 - Level 3.1(3.9) Long Blades
 - Level 16.0 Maces & Flails
 - Level 0.8 Throwing
 O Level 27 Armour
 + Level 15.5 Dodging
 - Level 1.7 Spellcasting
 - Level 3.0 Translocations
 + Level 13.5 Invocations
 - Level 8.1 Evocations


You had 27 spell levels left.
You knew the following spells:

 Your Spells              Type           Power      Damage    Failure   Level
v - Blink                 Tloc           22%        N/A       26%         2

Your spell library contained the following spells:

 Spells                   Type           Power      Damage    Failure   Level
 Apportation              Tloc           22%        N/A       17%         1
 Lesser Beckoning         Tloc           22%        N/A       26%         2
 Momentum Strike          Conj/Tloc      12%        3d8       43%         2
 Gell's Gravitas          Tloc           11%        N/A       45%         3
 Teleport Other           Tloc           11%        N/A       45%         3
 Foxfire                  Conj/Fire      4%         2x1d4     52%         1
 Freeze                   Ice            4%         1d3       52%         1
 Kiss of Death            Conj/Necr      4%         2d5       52%         1
 Magic Dart               Conj           4%         1d3       52%         1
 Necrotise                Necr           4%         1d4       52%         1
 Sandblast                Erth           2%         2d4       52%         1
 Slow                     Hex            4%         N/A       52%         1
 Sting                    Conj/Alch      4%         1d3       52%         1
 Cigotuvi's Dreadful Rot  Necr/Alch/Air  2%         N/A       65%         2
 Jinxbite                 Hex            2%         N/A       65%         2
 Mercury Vapours          Alch/Air       2%         N/A       65%         2
 Scorch                   Fire           2%         2d5       65%         2
 Searing Ray              Conj           2%         2d4       65%         2
 Sublimation of Blood     Necr           1%         N/A       65%         2
 Volatile Blastmotes      Fire/Tloc      12%        2d11      67%         3
 Manifold Assault         Tloc           11%        N/A       86%         4
 Passage of Golubria      Tloc           11%        N/A       86%         4
 Confusing Touch          Hex            1%         N/A       87%         3
 Dazzling Flash           Conj/Hex       2%         N/A       87%         3
 Frozen Ramparts          Ice            2%         1d1       87%         3
 Fugue of the Fallen      Necr           1%         N/A       87%         3
 Hailstorm                Conj/Ice       1%         3d5       87%         3
 Inner Flame              Hex/Fire       1%         N/A       87%         3
 Mephitic Cloud           Conj/Alch/Air  1%         N/A       87%         3
 Ozocubu's Armour         Ice            1%         N/A       87%         3
 Passwall                 Erth           1%         N/A       87%         3
 Sigil of Binding         Hex            1%         N/A       87%         3
 Stone Arrow              Conj/Erth      2%         3d7       87%         3
 Vampiric Draining        Necr           1%         2d6       87%         3
 Dimensional Bullseye     Hex/Tloc       3%         N/A       97%         4
 Vhi's Electric Charge    Tloc/Air       12%        N/A       97%         4
 Anguish                  Hex/Necr       0%         N/A       99%         4
 Brom's Barrelling Bould  Conj/Erth      1%         2d3       99%         4
 Cause Fear               Hex            0%         N/A       99%         4
 Flame Wave               Conj/Fire      1%         2d4       99%         4
 Fulminant Prism          Conj/Alch      0%         3d5       99%         4
 Ignite Poison            Fire/Alch      1%         N/A       99%         4
 Leda's Liquefaction      Alch/Erth      0%         N/A       99%         4
 Petrify                  Alch/Erth      1%         N/A       99%         4
 Sticky Flame             Fire/Alch      1%         2d4       99%         4
 Arcjolt                  Conj/Air       0%         1d10      100%        5
 Borgnjor's Vile Clutch   Necr/Erth      0%         N/A       100%        5
 Curse of Agony           Necr           1%         N/A       100%        5
 Fireball                 Conj/Fire      0%         3d3       100%        5
 Freezing Cloud           Conj/Ice/Air   0%         6-21      100%        5
 Irradiate                Conj/Alch      0%         3d11      100%        5
 Iskenderun's Battlesphe  Conj           1%         2d6       100%        5
 Lee's Rapid Deconstruct  Erth           0%         3d4*      100%        5
 Metabolic Englaciation   Hex/Ice        0%         N/A       100%        5
 Silence                  Hex/Air        0%         N/A       100%        5
 Yara's Violent Unravell  Hex/Alch       0%         3d3       100%        5
 Bombard                  Conj/Erth      0%         9d1       100%        6
 Conjure Ball Lightning   Conj/Air       0%         3x3d6     100%        6
 Dispersal                Tloc           5%         N/A       100%        6
 Starburst                Conj/Fire      0%         6d3       100%        6
 Enfeeble                 Hex            0%         N/A       100%        7
 Orb of Destruction       Conj           0%         9d5       100%        7
 Ozocubu's Refrigeration  Ice            0%         4d7       100%        7
 Borgnjor's Revivificati  Necr           0%         N/A       100%        8
 Discord                  Hex            0%         N/A       100%        8
 Disjunction              Tloc           5%         N/A       100%        8
 Ignition                 Fire           0%         3d3       100%        8
 Lehudib's Crystal Spear  Conj/Erth      0%         10d2      100%        8
 Maxwell's Capacitive Co  Air            0%         death     100%        8
 Chain Lightning          Conj/Air       0%         2d1       100%        9
 Death's Door             Necr           0%         N/A       100%        9
 Polar Vortex             Ice            0%         N/A       100%        9
 Summon Small Mammal      Summ           Unusable   N/A       N/A         1
 Tukima's Dance           Hex            Unusable   N/A       N/A         3
 Animate Armour           Summ/Erth      Unusable   N/A       N/A         4
 Animate Dead             Necr           Unusable   N/A       N/A         4
 Martyr's Knell           Necr/Summ      Unusable   N/A       N/A         4
 Summon Lightning Spire   Summ/Air       Unusable   N/A       N/A         4
 Summon Forest            Summ/Tloc      Unusable   N/A       N/A         5
 Death Channel            Necr           Unusable   N/A       N/A         6
 Sculpt Simulacrum        Ice/Alch       Unusable   N/A       N/A         6
 Summon Cactus Giant      Summ           Unusable   N/A       N/A         6
 Haunt                    Necr/Summ      Unusable   N/A       N/A         7
 Infestation              Necr           Unusable   N/A       N/A         8

Inventory:

Hand Weapons
 a - a +8 eveningstar of freezing (weapon) {norare}
 b - a +9 eveningstar of freezing (offhand) {Sieglinde}
Missiles
 d - 14 darts of dispersal
 A - 7 curare-tipped darts (quivered)
 G - 9 throwing nets
Armour
 k - a scarf of resistance (worn)
 o - a +2 pair of gloves of infusion (worn)
 p - +2 fire dragon scales {Xtahua}
 u - a +1 hat
 J - a +10 plate armour of willpower (worn) {nodragon}
 S - the +5 cloak "Xauxuzxe" {+Inv Will+ SInv}
   (You found it in a wizard's laboratory)

   Will+:     It increases your willpower.
   SInv:      It lets you see invisible.
   +Inv:      It lets you turn invisible.
 T - the +3 pair of seven-league boots (worn) {Rampage+∞}
   (You found it in the Desolation of Salt)

   Rampage+∞: When moving toward enemies, its wearer moves as far as possible,
   alerting their target en route.
 V - a +1 pair of gloves
 W - a +2 helmet of see invisible (worn)
 X - the +4 dragonskin cloak {Aegis}
   (You took it off Tiamat on level 4 of the Depths)

   Avatar's Aegis: It grants the wearer a chance to resist fire, cold, poison,
   electricity, acid, and negative energy.
Gizmo
 N - a cryoturbine Mk.7 (installed) {rElec Slay+3 Clar RMsl}
   (You invented it yourself on level 5 of the Lair of Beasts)

   [cryoturbine Mk.7]

   Slay+3:    It affects your accuracy & damage with ranged weapons and melee
   (+3).
   rElec:     It insulates you from electricity.
   Clar:      It protects you from confusion, rage, mesmerisation and fear.
   RMsl:      It protects you from missiles.
Wands
 B - a wand of warping (75)
 C - a wand of digging (4)
 E - a wand of flame (58)
 H - a wand of acid (16)
 L - a wand of mindburst (26)
 O - a wand of polymorph (13)
Scrolls
 c - 7 scrolls of blinking
 f - 7 scrolls of immolation
 n - 4 scrolls of revelation
 r - 29 scrolls of teleportation
 t - 8 scrolls of fear
 v - 3 scrolls of brand weapon
 y - 9 scrolls of poison
 D - 8 scrolls of vulnerability
 M - 2 scrolls of enchant armour
 Q - 2 scrolls of fog
 U - a scroll of silence {!r}
Potions
 g - 11 potions of brilliance
 h - 7 potions of haste
 i - 4 potions of mutation {!q}
 j - 4 potions of berserk rage {!q}
 l - 8 potions of might
 m - 5 potions of cancellation
 s - 6 potions of curing
 x - 11 potions of ambrosia
 z - 8 potions of enlightenment
 F - 10 potions of attraction
 I - 5 potions of heal wounds
 K - 3 potions of magic
 P - 3 potions of invisibility
 R - 2 potions of resistance
Miscellaneous
 e - a phial of floods
 w - a lightning rod (4/4)


Message History

There is a stone staircase leading down here.
There is a stone staircase leading up here.
You climb upwards.
There is a stone staircase leading down here.
There is a stone staircase leading up here.
You climb upwards.
There is a stone staircase leading down here.
There is a stone staircase leading up here.
You climb upwards.
There is a stone staircase leading down here.
You see here a quokka skeleton.
There is a stone staircase leading up here.
You feel yourself speed up.
You climb upwards.
There is a stone staircase leading down here.
Aiming: Dig
Press: ? - help, Shift-Dir - straight line, f - you Please select a direction to dig.
This square is covered in magical glow.
You feel a surge of power!
The rock shatters into small pieces.
Blink to where?
Press: ? - help, Dir - move target
As you read the scroll of blinking, it crumbles to dust.
Aiming: Dig
Press: ? - help, Shift-Dir - straight line You can't see that place. [the floor.]
You feel a surge of power!
The rock shatters into small pieces.
Blink to where?
Press: ? - help, Dir - move target
As you read the scroll of blinking, it crumbles to dust.
Aiming: Dig
Press: ? - help, Shift-Dir - straight line You can't see that place. [the floor.]
You feel a surge of power!
The rock shatters into small pieces.
Blink to where?
Press: ? - help, Dir - move target
As you read the scroll of blinking, it crumbles to dust.
You have escaped!

#.#..# ##.#%~~~~~%#.#.##### #
#..## #..#%~~~~~%#...#...##
#####.# ##..#.~X~~~%#........##
##......#...#.%..%%.#.........#
......##..#.#########.........#
##...#.........'''............#
.......###..¤###.###.........##
######## ####......#...##...##
#..@..########## #.....#
######.# #


You could see a kraken.

Vanquished Creatures
  2 dread liches
  Tiamat (Depths:4)
  An orb of fire (Zot:5)
  3 ancient liches
  Xtahua (Crypt:1)
  The ghost of Uferhotu the Impregnable, a veteran MiGl of Hepliaklqana (Crypt:2)
  Boris (thrice) (Vaults:1 Crypt:1 Depths:2)
  8 Killer Klowns
  Margery (Vaults:5)
  6 golden dragons
  Norris (Elf:1)
  A profane servitor (Depths:1)
  Jory (Depths:3)
  Nikola (Elf:3)
  the Enchantress (Depths:4)
  Arachne (Spider:4)
  2 bone dragons
  2 doom hounds (Depths:4)
  3 electric golems
  Jorgrun (Elf:1)
  14 tentacled monstrosities
  3 liches
  A hellephant (Vaults:5)
  Mlioglotl (Shoals:3)
  22 Orb Guardians (Zot:5)
  Asterion (Depths:1)
  2 deep elf blademasters (Elf:3)
  2 deep elf master archers (Elf:3)
  Grunn (Depths:4)
  4 sphinxes
  A titan (Vaults:5)
  4 ancient champions (Crypt:1)
  4 quicksilver dragons
  An eldritch tentacle (WizLab)
  An Executioner (D:13)
  Frances (Shoals:2)
  3 tentacled starspawn (WizLab)
  Aizul (Shoals:2)
  6 shadow dragons
  5 tengu reavers
  A daeva (Zot:4)
  8 storm dragons
  A revenant (Crypt:2)
  A death cob (Zot:5)
  Roxanne (Elf:1)
  A draconian monk (Depths:4)
  2 draconian knights
  5 emperor scorpions
  3 deep elf sorcerers
  7 frost giants
  7 fire giants
  An iron dragon (Vaults:5)
  4 ghost moths
  6 draconian shifters
  2 imperial myrmidons (Desolation)
  9 vault wardens
  4 curse skulls
  2 balrugs
  A juggernaut zombie (Crypt:3)
  4 draconian scorchers
  11 ghouls
  A deep elf elementalist (Elf:3)
  4 orc warlords
  4 draconian annihilators
  5 draconian stormcallers
  5 spriggan defenders (Depths:4)
  Louise (Shoals:3)
  29 ironbound preservers
  A cacodemon (WizLab)
  A reaper (WizLab)
  2 broodmothers
  21 very ugly things
  11 black draconians
  4 ironbound thunderhulks
  A caustic shrike skeleton (Crypt:3)
  9 stone giants
  6 green draconians
  8 deep elf demonologists
  A lorocyproca (Depths:1)
  6 white draconians
  14 deep elf death magi
  6 vampire knights
  A dire elephant (D:15)
  10 red draconians
  9 war gargoyles
  2 halazid warlocks (Desolation)
  10 purple draconians
  12 yellow draconians
  2 pearl dragon zombies (Depths:1)
  An acid blob zombie (Crypt:2)
  11 deep elf annihilators
  2 spark wasps (Spider:4)
  15 ettins
  5 merfolk javelineers (Shoals:4)
  6 ragged hierophants (Desolation)
  5 eidola
  8 merfolk impalers
  7 entropy weavers
  Josephine (Lair:3)
  3 fire dragons
  6 crystal guardians
  5 jiangshi
  13 yaktaur captains
  33 vault guards
  5 servants of whispers (Desolation)
  2 deep elf high priests
  6 great orbs of eyes
  3 quicksilver dragon skeletons
  6 ice dragons
  2 hydras
  6 rakshasas
  8 peacekeepers
  4 ogre magi
  3 demonspawn (Orc:2)
  A fenstrider witch skeleton (Crypt:3)
  2 jorogumos (Spider:4)
  9 centaur warriors
  A catoblepas (Lair:2)
  A hell beast (Depths:1)
  7 spriggan air magi
  12 boulder beetles
  2 alligator snapping turtles (Shoals:4)
  8 merfolk aquamancers
  8 radroaches
  31 dancing weapons
  7 ironbound frosthearts
  6 merfolk avatars
  4 death knights
  9 deep troll shamans
  3 death yaks (Lair:3)
  3 satyrs
  4 vampire magi
  4 two-headed ogres
  3 hell hogs (Depths:1)
  A death scarab (Spider:2)
  9 deep troll earth magi
  The ghost of MakMorn the Cleaver, a novice CoBe of Trog (D:9)
  An azure jelly zombie (Crypt:2)
  9 demonic crawlers
  7 tengu warriors
  5 orc high priests (Orc:2)
  5 soul eaters
  A shock serpent (shapeshifter) (Vaults:5)
  Urug (Orc:2)
  14 deep elf knights
  10 hell knights
  4 spriggan berserkers
  13 iron trolls
  Amaemon (Lair:3)
  2 sixfirhies
  2 titan zombies (Crypt:3)
  7 pharaoh ants
  5 skysharks
  67 deep trolls
  26 skeletal warriors
  A salamander mystic (D:15)
  2 shadow wraiths
  7 sun moths (Spider:4)
  3 glowing orange brains
  6 bog bodies
  14 sea snakes
  8 arcanists
  12 large abominations
  A quicksilver dragon simulacrum (Depths:1)
  The ghost of occam the Carver, a novice CoGl (D:7)
  6 orb spiders
  2 anaconda zombies
  A glowing orange brain (shapeshifter) (Depths:3)
  A shadow demon (WizLab)
  8 steelbarb worms
  An orange crystal statue (Vaults:3)
  9 deep elf archers
  5 lindwurms
  A tengu zombie (Vaults:2)
  A swamp dragon (Lair:5)
  16 necromancers
  23 deep elf pyromancers
  A kraken simulacrum (Shoals:4)
  4 obsidian statues
  31 harpies
  18 orc knights
  2 thermic dynamos (Elf:1)
  26 ironbound convokers
  4 anaconda skeletons
  18 manticores
  25 deep elf zephyrmancers
  26 fauns
  A wolf spider zombie (Crypt:1)
  7 orc sorcerers (Orc:2)
  7 phantasmal warriors
  31 ugly things
  12 wolf spiders
  2 worldbinders (WizLab)
  3 cyclopes
  A shining eye (shapeshifter) (Vaults:2)
  An elephant (shapeshifter) (Elf:2)
  A kobold blastminer (Orc:2)
  9 meliai
  13 merfolk sirens
  4 apis skeletons (Depths:1)
  18 vault sentinels
  A guardian serpent (shapeshifter) (Elf:3)
  17 moths of wrath
  An apocalypse crab (WizLab)
  11 elephants
  3 black mambas
  6 water nymphs
  A centaur zombie (Crypt:3)
  A rust devil (Orc:2)
  3 torpor snails
  6 guardian serpents (Desolation)
  A dire elephant zombie (Crypt:3)
  4 smoke demons
  A gargoyle (D:14)
  2 orange demons
  9 cane toads
  2 molten gargoyles
  A centaur skeleton (Crypt:3)
  An alligator snapping turtle zombie (Crypt:3)
  5 rime drakes
  3 unseen horrors
  21 yaktaurs
  3 kobold demonologists
  2 guardian mummies (Crypt:1)
  10 komodo dragons
  A bunyip simulacrum (Crypt:2)
  An efreet (D:15)
  A tormentor (Depths:4)
  5 freezing wraiths
  2 tengu conjurers
  A grey draconian skeleton (Crypt:2)
  8 trolls
  3 polar bears
  27 merfolk
  Grinder (D:5)
  A deep troll zombie (Vaults:2)
  6 hornets
  A harpy skeleton (Crypt:3)
  8 wind drakes
  5 blink frogs
  A fire dragon zombie (Crypt:3)
  A raiju (WizLab)
  15 tarantellas
  51 saltlings (Desolation)
  4 snapping turtles (Shoals:4)
  A jumping spider zombie (Crypt:1)
  2 glass eyes (Depths:2)
  A snapping turtle (shapeshifter) (Vaults:5)
  An ettin zombie (Crypt:1)
  A slime creature (shapeshifter) (Depths:4)
  28 jumping spiders
  8 spriggans
  A ynoxinul (D:9)
  A culicivora (shapeshifter) (Vaults:5)
  A shadow (D:11)
  30 culicivoras
  13 wraiths
  31 slime creatures
  3 air elementals
  29 water elementals
  43 yaks
  Eustachio (D:4)
  2 wargs (Orc:1)
  A vampire (D:11)
  3 wyverns
  4 fire elementals
  6 humans (D:14)
  4 basilisks
  4 steam dragons
  2 chaos spawn (Depths:2)
  49 redbacks
  14 vampire mosquitoes
  A glowing shapeshifter zombie (Vaults:2)
  A demonspawn zombie (Crypt:2)
  3 acid dragons
  Duvessa (D:4)
  10 water moccasins
  2 hell hounds (Lair:2)
  A naga skeleton (Crypt:3)
  33 orc warriors
  2 sky beasts (D:6)
  4 ogres
  A black bear (Lair:2)
  7 boggarts
  10 laughing skulls
  3 small abominations (Depths:2)
  8 wolves
  6 starcursed masses (WizLab)
  21 centaurs
  2 elf zombies (Elf:1)
  14 kobold brigands
  A brain worm (shapeshifter) (Elf:3)
  13 bullfrogs
  2 scorpions (D:6)
  2 earth elementals
  2 gnoll sergeants
  A yaktaur skeleton (Crypt:2)
  12 wights
  A cyclops zombie (Crypt:1)
  2 wyvern skeletons (Crypt:1)
  A water moccasin skeleton (Crypt:1)
  12 killer bees (D:8)
  An electric eel (D:15)
  A lava snake (D:14)
  4 human zombies (Crypt:1)
  6 jellies
  24 orc priests
  5 hounds
  3 human skeletons (Crypt:1)
  A gnoll bouda (D:7)
  A sleepcap (D:6)
  Crazy Yiuf (D:3)
  18 orc wizards
  An iguana (D:6)
  2 hell rats (Lair:4)
  An ogre skeleton (Crypt:2)
  A mummy (Crypt:1)
  Robin (D:2)
  16 gnolls
  12 adders
  13 river rats
  A shadow imp (D:7)
  4 white imps
  2 ufetubi (D:5)
  7 dart slugs
  4 ribbon worms
  74 orcs
  12 endoplasms
  4 giant cockroaches
  14 goblins
  10 hobgoblins
  14 jackals
  6 quokkas
  3 ball pythons
  9 bats
  2 frilled lizards
  19 kobolds
  A quokka skeleton (Crypt:2)
  10 rats
  3 starspawn tentacles (WizLab)
2294 creatures vanquished.

Vanquished Creatures (others)
  An eldritch tentacle (WizLab)
  A minotaur (D:1)
  2 demonspawn (D:1)
  A tengu warrior (Depths:3)
  A deep elf zephyrmancer (Elf:1)
  A harpy (Shoals:4)
  An octopode (D:1)
  An armataur (D:1)
  A djinni (D:1)
  A merfolk (D:1)
  A spriggan (D:1)
  2 humans
  2 dwarves (D:1)
  An oni (D:1)
  A boggart (Depths:2)
  A tengu (D:1)
  2 felids (D:1)
  Dowan (D:4)
  An orc (D:8)
  5 spectral weapons
  4 starspawn tentacles (WizLab)
  24 tentacles
56 creatures vanquished.

Grand Total: 2350 creatures vanquished

Notes
Turn   | Place    | Note
-------+----------+-------------------------------------------
     0 | D:1      | elliptic the Coglin Warper began the quest for the Orb.
     0 | D:1      | Reached XP level 1. HP: 16/16 MP: 3/3
     2 | D:1      | Noticed a spriggan
     2 | D:1      | Noticed a dwarf
     2 | D:1      | Noticed a demonspawn
     2 | D:1      | Noticed an oni
     2 | D:1      | Noticed a dwarf
     2 | D:1      | Noticed a minotaur
     2 | D:1      | Noticed a kraken
     2 | D:1      | Noticed a djinni
     2 | D:1      | Noticed a human
     2 | D:1      | Noticed a merfolk
     2 | D:1      | Noticed a demonspawn
     2 | D:1      | Noticed a felid
     2 | D:1      | Noticed an octopode
     2 | D:1      | Noticed a felid
     2 | D:1      | Noticed a tengu
     2 | D:1      | Noticed an armataur
     3 | D:1      | um
     5 | D:1      | Killed a felid
     5 | D:1      | Killed an octopode
     5 | D:1      | Killed a felid
     6 | D:1      | Killed a spriggan
     7 | D:1      | Killed a djinni
     8 | D:1      | Killed a merfolk
     8 | D:1      | Killed a tengu
    11 | D:1      | Killed a human
    11 | D:1      | Killed a dwarf
    14 | D:1      | Killed an oni
    15 | D:1      | Killed a minotaur
    16 | D:1      | Killed a dwarf
    16 | D:1      | Killed a demonspawn
    18 | D:1      | Killed a demonspawn
    23 | D:1      | Killed an armataur
   135 | D:1      | Reached XP level 2. HP: 23/23 MP: 4/4
   139 | D:1      | Learned a level 2 spell: Blink
   392 | D:1      | Reached skill level 3 in Fighting
   554 | D:2      | eh
   573 | D:2      | hm
   573 | D:2      | hm
   701 | D:2      | Found the +18 Lear's hauberk
   702 | D:2      | ...
   727 | D:2      | Reached XP level 3. HP: 29/29 MP: 5/5
   816 | D:1      | well
   913 | D:2      | Reached skill level 3 in Long Blades
   927 | D:2      | Reached XP level 4. HP: 35/35 MP: 6/6
  1051 | D:2      | Found a glowing silver altar of Zin.
  1107 | D:2      | Noticed Robin
  1120 | D:2      | oh
  1129 | D:2      | Killed Robin
  1410 | D:2      | Reached XP level 5. HP: 38/42 MP: 7/7
  1624 | D:3      | Found a faded altar of an unknown god.
  1885 | D:3      | Found a runed translucent door.
  1886 | D:3      | Noticed Crazy Yiuf
  2223 | D:4      | Found a glowing drain.
  2302 | Sewer    | Entered a sewer
  2373 | Sewer    | hm
  2522 | Sewer    | sigh
  2620 | D:4      | Reached XP level 6. HP: 48/48 MP: 8/8
  2636 | D:4      | Noticed Duvessa
  2636 | D:4      | Noticed Dowan
  2648 | D:4      | oh should have used venom probably, sigh
  2985 | D:4      | okay
  2985 | D:4      | I can't kill it safely without blinking I guess
  2998 | D:4      | Reached skill level 6 in Fighting
  3042 | D:4      | :(
  3063 | D:5      | Entered Level 5 of the Dungeon
  3067 | D:5      | sigh
  3075 | D:5      | Reached skill level 1 in Short Blades
  3145 | D:4      | Noticed Eustachio
  3146 | D:4      | why
  3189 | D:4      | Killed Eustachio
  3190 | D:4      | Reached XP level 7. HP: 57/58 MP: 9/9
  3230 | D:4      | eh
  3388 | D:4      | Reached skill level 1 in Maces & Flails
  3392 | D:4      | sigh
  3853 | D:5      | Noticed Grinder
  3854 | D:5      | sigh
  3887 | D:5      | Killed Grinder
  3914 | D:5      | Reached XP level 8. HP: 56/67 MP: 10/10
  3914 | D:5      | Found Emalai's Antique Weapon Shoppe.
  3922 | D:5      | Bought a glowing flail for 175 gold pieces
  3922 | D:5      | fine
  3937 | D:5      | Found a staircase to the Ecumenical Temple.
  3946 | Temple   | Found a transporter.
  3946 | Temple   | Found a transporter.
  3946 | Temple   | Found a transporter.
  3946 | Temple   | Found a transporter.
  3946 | Temple   | Entered the Ecumenical Temple
  3962 | Temple   | Became a worshipper of Warmaster Okawaru
  4082 | D:5      | Reached skill level 3 in Maces & Flails
  4243 | D:5      | Reached skill level 1 in Evocations
  4661 | D:6      | Reached skill level 3 in Evocations
  4824 | D:6      | Reached * piety under Okawaru
  4836 | D:6      | Reached skill level 1 in Invocations
  4977 | D:6      | Found a glowing silver altar of Zin.
  4977 | D:6      | Found a basalt altar of Yredelemnul.
  4981 | D:6      | Found a bloodstained altar of Trog.
  5242 | D:7      | Reached XP level 9. HP: 65/72 MP: 11/11
  5543 | D:7      | Reached ** piety under Okawaru
  5544 | D:7      | Reached skill level 6 in Maces & Flails
  5750 | D:7      | Found a runed translucent gate.
  5750 | D:7      | Found a runed translucent gate.
  5757 | D:7      | Found a runed translucent gate.
  5757 | D:7      | Noticed a kobold demonologist
  5757 | D:7      | Noticed occam's ghost (novice CoGl)
  6047 | D:8      | Noticed a two-headed ogre
  6187 | D:8      | hm
  6202 | D:8      | Reached skill level 1 in Armour
  6382 | D:8      | Reached skill level 3 in Armour
  6392 | D:8      | Found a staircase to the Lair.
  6404 | D:8      | hm
  6425 | D:8      | Reached XP level 10. HP: 79/79 MP: 9/12
  6425 | D:8      | hrm
  6429 | D:8      | Reached *** piety under Okawaru
  7019 | D:8      | Killed a two-headed ogre
  7020 | D:8      | Reached skill level 6 in Evocations
  7364 | D:9      | Reached **** piety under Okawaru
  7531 | D:9      | Noticed MakMorn's ghost (novice CoBe)
  7539 | D:9      | Found a runed translucent door.
  7630 | D:9      | Reached skill level 9 in Maces & Flails
  7650 | D:9      | Reached ***** piety under Okawaru
  7999 | D:9      | Reached XP level 11. HP: 70/84 MP: 13/13
  8019 | D:9      | hm
  8227 | D:9      | Noticed a sun demon
  8227 | D:9      | sigh
  8402 | D:9      | Reached skill level 6 in Armour
  8552 | D:9      | Noticed a red ugly thing
  8553 | D:9      | why
  8559 | D:9      | Killed a red ugly thing
  8559 | D:9      | Received a gift from Okawaru
  8863 | D:9      | Found a staircase to the Orcish Mines.
  8911 | D:10     | Entered Level 10 of the Dungeon
  9298 | D:10     | Noticed a two-headed ogre
  9305 | D:10     | Killed a two-headed ogre
  9744 | D:11     | Noticed a two-headed ogre
  9751 | D:11     | Killed a two-headed ogre
  9772 | D:11     | Noticed a purple ugly thing
  9778 | D:11     | Noticed a two-headed ogre
  9781 | D:11     | sigh
  9786 | D:11     | Killed a two-headed ogre
  9786 | D:11     | Received a gift from Okawaru
  9789 | D:11     | Killed a purple ugly thing
 10168 | D:11     | Reached skill level 9 in Fighting
 10181 | D:11     | Reached XP level 12. HP: 95/95 MP: 14/14
 10246 | D:11     | Noticed a boulder beetle
 10259 | D:11     | Killed a boulder beetle
 10632 | D:12     | Reached skill level 3 in Invocations
 10957 | D:12     | Received a gift from Okawaru
 11009 | D:12     | Reached skill level 3 in Dodging
 11687 | Lair:1   | Entered Level 1 of the Lair of Beasts
 11946 | Lair:1   | Noticed a boulder beetle
 11955 | Lair:1   | Killed a boulder beetle
 11955 | Lair:1   | Received a gift from Okawaru
 12042 | Lair:1   | Identified the +8 dire flail "Suduystry" {flame, +Blink
                  | Str+3}
 12108 | Lair:1   | Reached skill level 9 in Armour
 12813 | Lair:2   | Noticed a catoblepas
 12824 | Lair:2   | Killed a catoblepas
 13031 | Lair:2   | Found a dark tunnel.
 13041 | Volcano  | Entered a volcano
 13042 | Volcano  | uh
 13042 | Volcano  | I think this has occultists maybe?
 13042 | Volcano  | yeah rip
 13199 | Lair:2   | Noticed a seven-headed hydra
 13208 | Lair:2   | Killed a seven-headed hydra
 13209 | Lair:2   | Reached XP level 13. HP: 94/106 MP: 16/16
 13211 | Lair:2   | Received a gift from Okawaru
 13884 | Lair:3   | Reached skill level 6 in Invocations
 13918 | Lair:3   | Noticed Amaemon
 13920 | Lair:3   | sigh
 13976 | Lair:3   | Killed Amaemon
 14113 | Lair:3   | Noticed Josephine
 14133 | Lair:3   | Killed Josephine
 14217 | Lair:3   | Found a hole to the Spider Nest.
 14296 | Lair:3   | Received a gift from Okawaru
 14297 | Lair:3   | Reached skill level 12 in Maces & Flails
 14678 | Lair:3   | Found a staircase to the Shoals.
 15014 | Lair:4   | Received a gift from Okawaru
 15112 | Lair:4   | Found a viscous altar of Jiyva.
 15119 | Lair:4   | what
 15119 | Lair:4   | Found a staircase to the Slime Pits.
 15171 | Lair:5   | Entered Level 5 of the Lair of Beasts
 15774 | Lair:5   | Reached XP level 14. HP: 95/113 MP: 18/18
 15774 | Lair:5   | Acquired a cryoturbine Mk.7 {rElec Slay+3 Clar RMsl}
 15790 | Lair:5   | Noticed Nessos
 15797 | Lair:5   | Nessos changed into Nessos the swamp dragon
 15797 | Lair:5   | Noticed Nessos
 15801 | Lair:5   | Killed Nessos the swamp dragon
 15871 | Lair:5   | Reached ****** piety under Okawaru
 15876 | Lair:5   | Acquired a +1 eveningstar of protection
 15876 | Lair:5   | Received a gift from Okawaru
 16098 | Lair:5   | Received a gift from Okawaru
 16233 | Lair:5   | Reached skill level 15 in Maces & Flails
 16312 | Lair:5   | Found the +8 trident of the Octopus King {venom, rElec
                  | rPois}
 16846 | D:9      | Killed MakMorn's ghost
 16995 | D:4      | Killed Duvessa
 16998 | D:4      | Killed Dowan
 17153 | D:3      | Killed Crazy Yiuf
 17266 | Orc:1    | Entered Level 1 of the Orcish Mines
 17301 | Orc:1    | Found a bloodstained altar of Trog.
 17331 | Orc:1    | Found Ocion's General Store.
 17353 | Orc:1    | Found Muwuj's Weapon Shop.
 17404 | Orc:1    | Bought a scroll of teleportation for 33 gold pieces
 17404 | Orc:1    | Bought a scroll of teleportation for 33 gold pieces
 17489 | Orc:1    | Found Sajemuics's Armour Boutique.
 17510 | Orc:1    | Bought a +0 cloak of willpower for 161 gold pieces
 17651 | Orc:2    | Entered Level 2 of the Orcish Mines
 18123 | Orc:2    | Noticed Urug
 18134 | Orc:2    | Killed Urug
 18291 | Orc:2    | Found a staircase to the Elven Halls.
 18317 | Orc:2    | Received a gift from Okawaru
 18502 | Orc:2    | Found Niclei's Assorted Antiques.
 18558 | Orc:2    | Found a roughly hewn altar of Beogh.
 18799 | Orc:2    | Found Umojegazoa's Distillery.
 18860 | Orc:2    | Found Ochitomu's Magic Scroll Shoppe.
 18898 | Orc:2    | Bought a scroll of teleportation for 45 gold pieces
 18898 | Orc:2    | Bought a scroll of blinking for 112 gold pieces
 19015 | Orc:2    | Received a gift from Okawaru
 19211 | Orc:2    | Reached XP level 15. HP: 116/118 MP: 19/21
 19265 | Orc:2    | Received a gift from Okawaru
 19267 | Orc:2    | Found Zothraire's Antique Weapon Boutique.
 19267 | Orc:2    | Found Kaasher's Jewellery Shop.
 19267 | Orc:2    | Found a one-way gate leading to the halls of Pandemonium.
 19705 | D:13     | Found an ornate altar of the Wu Jian Council.
 20286 | D:13     | Reached skill level 12 in Fighting
 20502 | D:14     | Found a snail-covered altar of Cheibriados.
 20991 | D:14     | Found a hide-covered altar of Uskayaw.
 21638 | D:14     | Received a gift from Okawaru
 21785 | D:14     | Found a gate to the Vaults.
 22142 | D:15     | Entered Level 15 of the Dungeon
 22494 | D:15     | Received a gift from Okawaru
 23163 | D:15     | Found a staircase to the Depths.
 23614 | D:7      | Killed occam's ghost
 23617 | D:7      | Reached XP level 16. HP: 122/131 MP: 22/22
 23941 | Orc:2    | Bought a potion of curing for 54 gold pieces
 23941 | Orc:2    | Bought a potion of curing for 54 gold pieces
 23941 | Orc:2    | Bought 2 potions of curing for 108 gold pieces
 23941 | Orc:2    | Bought a potion of invisibility for 144 gold pieces
 23941 | Orc:2    | Bought a potion of curing for 54 gold pieces
 24093 | Spider:1 | Entered Level 1 of the Spider Nest
 24350 | Spider:1 | Received a gift from Okawaru
 24623 | Spider:1 | Reached skill level 15 in Fighting
 24930 | Spider:1 | Identified the +2 long sword "Jocokuig" {freeze, rC+ Int+5
                  | SInv}
 26143 | Spider:2 | Received a gift from Okawaru
 27047 | Spider:3 | Reached skill level 9 in Invocations
 27319 | Spider:3 | Received a gift from Okawaru
 27458 | Spider:3 | Identified the +0 chain mail of Xyjanoev {Dex+2}
 28380 | Spider:4 | Entered Level 4 of the Spider Nest
 28399 | Spider:4 | Reached XP level 17. HP: 140/145 MP: 24/24
 28428 | Spider:4 | Received a gift from Okawaru
 28981 | Spider:4 | Received a gift from Okawaru
 29216 | Spider:4 | Noticed Arachne
 29220 | Spider:4 | hm dangerous
 29220 | Spider:4 | do have rmsl but still
 29243 | Spider:4 | Killed Arachne
 29244 | Spider:4 | Reached skill level 18 in Fighting
 29984 | Spider:4 | Received a gift from Okawaru
 30255 | Spider:4 | Reached skill level 12 in Armour
 30578 | Spider:4 | Got a gossamer rune of Zot
 30728 | Shoals:1 | Entered Level 1 of the Shoals
 30741 | Shoals:1 | Reached skill level 6 in Dodging
 30897 | Shoals:1 | Identified the +9 short sword "Yvuplit" {heavy, rPois rF+
                  | Dex+2}
 30944 | Shoals:1 | Found Oblug's Distillery.
 31131 | Shoals:1 | Acquired a +0 pair of gloves of infusion
 31131 | Shoals:1 | Received a gift from Okawaru
 31173 | Shoals:1 | good net
 31188 | Shoals:1 | hm
 31202 | Shoals:1 | meh
 31203 | Shoals:1 | Received a gift from Okawaru
 31204 | Shoals:1 | sigh
 31206 | Shoals:1 | why
 31864 | Shoals:1 | Reached XP level 18. HP: 158/158 MP: 25/25
 32390 | Shoals:2 | Identified the serpent talisman of the Green God {rElec
                  | Stlth+}
 32390 | Shoals:2 | Noticed Aizul
 32406 | Shoals:2 | Killed Aizul
 32451 | Shoals:2 | Received a gift from Okawaru
 32453 | Shoals:2 | Found a transporter.
 32455 | Shoals:2 | Found a transporter.
 32456 | Shoals:2 | Found a transporter.
 32572 | Shoals:2 | Found a transporter.
 32711 | Shoals:2 | Found Nozoshuwk's Magic Scroll Shoppe.
 32722 | Shoals:2 | Bought a scroll of teleportation for 42 gold pieces
 32722 | Shoals:2 | Bought 3 scrolls of teleportation for 126 gold pieces
 32722 | Shoals:2 | Bought a scroll of enchant weapon for 105 gold pieces
 32776 | Shoals:2 | Found a transporter.
 32780 | Shoals:2 | Found a transporter.
 32884 | Shoals:2 | Noticed Frances
 32894 | Shoals:2 | Killed Frances
 33095 | Shoals:3 | Noticed Mlioglotl
 33095 | Shoals:3 | Noticed Louise
 33096 | Shoals:3 | why
 33704 | Shoals:3 | Found Noug's Assorted Antiques.
 33811 | Shoals:3 | Killed Louise
 33820 | Shoals:3 | Bought 3 scrolls of blinking for 652 gold pieces
 33931 | Shoals:3 | Received a gift from Okawaru
 34051 | Shoals:3 | Killed Mlioglotl
 34411 | Shoals:4 | Entered Level 4 of the Shoals
 34439 | Shoals:3 | hm
 35358 | Shoals:4 | Identified the +3 hand axe of the Salmon {venom, rElec rC+
                  | rCorr}
 35926 | Shoals:4 | Reached XP level 19. HP: 150/170 MP: 26/26
 35960 | Shoals:4 | Received a gift from Okawaru
 36305 | Shoals:4 | Got the Essays on Ectoplasm and Malisons
 36400 | Shoals:4 | Got a barnacled rune of Zot
 36515 | Shoals:4 | Reached skill level 21 in Fighting
 37021 | Elf:1    | Entered Level 1 of the Elven Halls
 37063 | Elf:1    | Noticed Jorgrun
 37091 | Elf:1    | Noticed Norris
 37098 | Elf:1    | Killed Jorgrun
 37109 | Elf:1    | Killed Norris
 37191 | Elf:1    | Received a gift from Okawaru
 37519 | Elf:1    | Identified the +6 chain mail of Moral Flaws {Harm rElec
                  | Int+3}
 37685 | Elf:1    | Paralysed by an air elemental for 1 turns
 37694 | Elf:1    | Found Lymee's Armour Shoppe.
 37823 | Elf:1    | Reached skill level 9 in Dodging
 38106 | Elf:1    | Noticed Roxanne
 38127 | Elf:1    | Killed Roxanne
 38627 | Elf:1    | Got Josilam's Papyrus of the Necropsy
 38681 | Elf:2    | Found Ragosa's Antique Armour Boutique.
 38682 | Elf:2    | Found Ilunweer's Antique Armour Emporium.
 38682 | Elf:2    | Found Taips's Jewellery Boutique.
 38737 | Elf:2    | Paralysed by an air elemental for 1 turns
 38748 | Elf:2    | Found Erghuy's Antique Weapon Emporium.
 38782 | Elf:2    | Found a crumbling gateway.
 38828 | Desolati | Entered the Desolation of Salt
 39215 | Desolati | Found the +3 pair of seven-league boots {Rampage+∞}
 39432 | Desolati | Reached XP level 20. HP: 177/182 MP: 27/27
 39845 | Desolati | Identified the ring of Qubbup {Wiz rN+ Int+2 Dex+2 Stlth-}
 40021 | Desolati | Got Gaibuemo's Encyclopedia of Anemomancy
 40114 | Desolati | Got Sif Muna's Handbook of Linear Frost
 40188 | Desolati | Received a gift from Okawaru
 40189 | Desolati | Reached skill level 15 in Armour
 40200 | Desolati | Got Vv's Folio of Shivering Incineration
 40205 | Desolati | Identified the ring of Qearamid {Ice rElec rN+}
 40720 | Elf:2    | Found a runed translucent gate.
 40720 | Elf:2    | Found a runed translucent gate.
 40720 | Elf:2    | Found a runed translucent gate.
 41839 | Elf:2    | Received a gift from Okawaru
 42038 | Elf:3    | Entered Level 3 of the Elven Halls
 42435 | Elf:3    | Noticed Nikola
 42459 | Elf:3    | Killed Nikola
 42859 | Elf:2    | Bought a crude chain mail for 285 gold pieces
 42859 | Elf:2    | Identified the +0 chain mail "Vesuyffe" {rElec Str+2 Dex+2}
                  | (You bought it in a shop on level 2 of the Elven Halls)
 42860 | Elf:2    | Bought a pair of glowing gloves for 225 gold pieces
 43245 | Elf:3    | Identified the +0 mace of Wu Jian's Envy {flame, ^Contam
                  | rN+ Will++ Int+4}
 43554 | Elf:3    | Identified the +0 pair of gloves of Hyck {Harm rC+ Int+4}
 43581 | Elf:3    | HP: 30/177 [deep elf annihilator/crystal spear (55)]
 43601 | Elf:3    | Reached XP level 21. HP: 104/184 MP: 24/28
 43763 | Elf:3    | hm
 43763 | Elf:3    | eh
 43786 | Elf:3    | Found the ring of the Mage {Wiz Archmagi}
 43940 | Elf:3    | Identified the +6 orcbow "Ilinuhum" {flame, MP+9 Str+3}
 43948 | Elf:3    | Identified the amulet of the King {Reflect Will+ Str+2
                  | Slay+3 SH+5}
 43950 | Elf:3    | Got Sif Muna's Atlas of Injury and the Maleficium
 43952 | Elf:3    | Identified the +2 great sword of Wifamp {drain, *Noise
                  | rN++}
 43957 | Elf:3    | Identified the +3 rapier of the Friars {drain, rPois rCorr}
 44051 | Elf:3    | meh
 44052 | Elf:3    | oh rampage
 44346 | Vaults:1 | Entered Level 1 of the Vaults
 44438 | Vaults:1 | Received a gift from Okawaru
 44867 | Vaults:1 | Identified the +2 robe of Compression {Slay+5}
 44867 | Vaults:1 | Noticed Boris
 44868 | Vaults:1 | hi
 44875 | Vaults:1 | Killed Boris
 45558 | Vaults:1 | Identified the +8 battleaxe of Pestilence {elec, rElec
                  | Int+2}
 45900 | Vaults:2 | Received a gift from Okawaru
 45902 | Vaults:2 | Identified the staff of the Distant Future {rElec rN+ MP-9
                  | Necro Air}
 46143 | Vaults:2 | Gained mutation: You expend magic power (3 MP) to
                  | strengthen your wands. [potion of mutation]
 46143 | Vaults:2 | Gained mutation: Your movements are slightly less
                  | encumbered by armour. (ER -2) [potion of mutation]
 46743 | Vaults:2 | Received a gift from Okawaru
 47270 | Vaults:4 | Received a gift from Okawaru
 47614 | Vaults:3 | Reached skill level 18 in Armour
 47903 | Vaults:3 | Reached XP level 22. HP: 202/202 MP: 22/29
 48731 | Vaults:3 | Received a gift from Okawaru
 48814 | Vaults:3 | hm
 48819 | Vaults:3 | meh
 48857 | Vaults:3 | Found a staircase to the Crypt.
 50358 | Crypt:1  | Entered Level 1 of the Crypt
 50462 | Crypt:1  | Received a gift from Okawaru
 50502 | Crypt:1  | Noticed Xtahua
 50503 | Crypt:1  | hi
 50503 | Crypt:1  | hm
 50571 | Crypt:1  | Killed Xtahua
 50753 | Crypt:1  | Identified the +2 robe of the Midnight Sun {rN+ Int+2}
 50753 | Crypt:1  | Noticed Boris
 50754 | Crypt:1  | hi
 50762 | Crypt:1  | Killed Boris
 51544 | Crypt:1  | Reached skill level 12 in Dodging
 52121 | Crypt:2  | Reached XP level 23. HP: 186/209 MP: 17/30
 52738 | Crypt:2  | Found a runed translucent door.
 52738 | Crypt:2  | Noticed Uferhotu's ghost (veteran MiGl)
 52959 | Crypt:2  | Killed Uferhotu's ghost
 52963 | Crypt:2  | Identified the +6 glaive "Hownaij" {flame, *Rage ^Drain
                  | +Blink rN+++}
 53027 | Crypt:3  | Entered Level 3 of the Crypt
 53192 | Crypt:3  | Reached skill level 12 in Invocations
 53368 | Crypt:3  | Found a staircase to the Tomb.
 53409 | Crypt:3  | Reached skill level 24 in Fighting
 53505 | Crypt:3  | Received a gift from Okawaru
 54391 | Crypt:3  | Found an ancient bone altar of Kikubaaqudgha.
 54391 | Crypt:3  | Noticed an ancient lich
 54402 | Crypt:3  | Killed an ancient lich
 54435 | Crypt:3  | Got Gloorx Vloq's Catalogue of Mortification
 54772 | Depths:1 | Entered Level 1 of the Depths
 55149 | Depths:2 | hm
 55254 | Depths:2 | Received a gift from Okawaru
 55488 | Depths:2 | Found Hiathrelu's Book Shoppe.
 55493 | Depths:2 | Identified the +3 robe "Otoitaav" {Fly rCorr}
 55493 | Depths:2 | Noticed Boris
 55494 | Depths:2 | sigh
 55496 | Depths:2 | oh
 55501 | Depths:2 | Killed Boris
 55684 | Depths:2 | Reached XP level 24. HP: 184/221 MP: 15/32
 55822 | Depths:2 | Found a one-way gate to the infinite horrors of the Abyss.
 55837 | Depths:2 | Found Ucoyf's Jewellery Shoppe.
 55941 | Depths:2 | Found a transporter.
 55942 | Depths:2 | Found a shimmering blue altar of Sif Muna.
 55982 | Depths:2 | Noticed a dread lich
 56071 | Depths:2 | Found a glowing silver altar of Zin.
 56179 | Depths:2 | Found a gateway to Hell.
 56253 | Depths:1 | Found a basalt altar of Yredelemnul.
 56256 | Depths:1 | Received a gift from Okawaru
 56262 | Depths:1 | grumble
 56602 | Depths:1 | Identified the +3 kite shield of Saowkik {^Drain Fly rN+
                  | Dex+2}
 56602 | Depths:1 | Noticed Asterion
 56609 | Depths:1 | Killed Asterion
 57587 | Depths:2 | hm
 57605 | Depths:2 | Killed a dread lich
 57615 | Depths:2 | Received a gift from Okawaru
 57798 | Depths:2 | Identified the +0 pair of boots "Malib Hor" {rPois}
 57843 | Depths:2 | Found a transporter.
 58169 | Depths:3 | Reached skill level 27 in Fighting
 58184 | Depths:3 | Found a magical portal.
 58193 | WizLab   | Entered The Roulette of Golubria
 58193 | WizLab   | Found a transporter.
 58196 | WizLab   | Found the +0 cloak of the Thief {Quiet Slay-3 SInv Stlth+}
 58196 | WizLab   | Found a corrupted altar of Lugonu.
 58212 | WizLab   | Found a transporter.
 58313 | WizLab   | Found a transporter.
 58465 | WizLab   | Found a transporter.
 58465 | WizLab   | Found a transporter.
 58537 | WizLab   | Found a transporter.
 58538 | WizLab   | Received a gift from Okawaru
 58540 | WizLab   | Found a transporter.
 58544 | WizLab   | Got Golubria's Omnibus of the Voyage
 58570 | WizLab   | um
 58571 | WizLab   | why
 58746 | WizLab   | Identified the +5 cloak "Xauxuzxe" {+Inv Will+ SInv}
 58751 | WizLab   | Identified the +1 cloak of the Enchanted Forest {rElec
                  | Dex+4}
 58803 | WizLab   | Found a transporter.
 58803 | WizLab   | Found a transporter.
 58825 | WizLab   | Found a transporter.
 58826 | WizLab   | Found a transporter.
 58827 | WizLab   | Found a corrupted altar of Lugonu.
 58837 | WizLab   | Reached skill level 21 in Armour
 58865 | WizLab   | Found a transporter.
 58865 | WizLab   | Found a transporter.
 58877 | WizLab   | Found a corrupted altar of Lugonu.
 58886 | WizLab   | Found a transporter.
 58886 | WizLab   | Found a transporter.
 58996 | WizLab   | Found a transporter.
 58999 | WizLab   | Found a transporter.
 59122 | WizLab   | Found a transporter.
 59126 | WizLab   | Found a transporter.
 59146 | WizLab   | Found a corrupted altar of Lugonu.
 59481 | Depths:3 | Found an iron altar of Okawaru.
 59713 | Depths:3 | Noticed Jory
 59722 | Depths:3 | Killed Jory
 60192 | Depths:3 | Found a hazy altar of Hepliaklqana.
 60313 | Depths:4 | Entered Level 4 of the Depths
 60389 | Depths:4 | Found a one-way gateway to a ziggurat.
 60397 | Depths:4 | :(
 60408 | Depths:4 | Noticed Grunn
 60411 | Depths:4 | Reached XP level 25. HP: 192/227 MP: 11/32
 60544 | Depths:4 | Killed Grunn
 60835 | Depths:4 | Noticed the Enchantress
 60870 | Depths:4 | Killed the Enchantress
 61973 | Depths:4 | Received a gift from Okawaru
 62341 | Depths:4 | Found a runed translucent door.
 62341 | Depths:4 | Found a runed translucent door.
 62341 | Depths:4 | Found a runed translucent door.
 62379 | Depths:4 | Found a gate to the Realm of Zot.
 62518 | Depths:4 | Found a runed translucent door.
 62570 | Depths:4 | Found a runed translucent door.
 62570 | Depths:4 | Found a runed translucent door.
 63078 | Vaults:5 | Entered Level 5 of the Vaults
 63505 | Vaults:5 | :(
 63535 | Vaults:5 | Noticed an ancient lich
 63545 | Vaults:5 | Killed an ancient lich
 63545 | Vaults:5 | Received a gift from Okawaru
 63910 | Vaults:5 | Reached skill level 24 in Armour
 64054 | Vaults:5 | Identified the +4 battleaxe "Cutz" {flame, *Corrode Fly
                  | Int+8}
 64054 | Vaults:5 | Identified the ring of the Tempest {rN+ Str+6 Int+2 Dex+2}
 64096 | Vaults:5 | Received a gift from Okawaru
 64102 | Vaults:5 | Identified the +3 orcbow of Conformity {speed, *Corrode rN+
                  | Dex+4 SInv}
 64239 | Vaults:5 | Identified the +5 flail "Boppautwe" {freeze, rC- rN+ Will+
                  | Dex+3}
 64558 | Vaults:5 | Reached XP level 26. HP: 242/242 MP: 29/32
 64709 | Vaults:5 | Identified the staff "Bung" {*Slow rPois Will++ Stlth+ Fire
                  | Alchemy}
 64713 | Vaults:5 | Noticed Margery
 64714 | Vaults:5 | hm
 64974 | Vaults:5 | Killed Margery
 65091 | Vaults:5 | :(
 65220 | Vaults:5 | Identified the staff of Fippoi {Fly rF+ Will+ Int+2 Stlth-
                  | Fire}
 65550 | Vaults:5 | :(
 65613 | Vaults:5 | Got a silver rune of Zot
 65829 | Vaults:5 | Acquired 1065 gold pieces
 66273 | Orc:2    | Bought a potion of might for 72 gold pieces
 66273 | Orc:2    | Bought a potion of ambrosia for 144 gold pieces
 66302 | Orc:2    | Bought a potion of might for 84 gold pieces
 66302 | Orc:2    | Bought a scroll of enchant armour for 157 gold pieces
 66504 | Shoals:1 | Bought a potion of enlightenment for 65 gold pieces
 66504 | Shoals:1 | Bought a potion of enlightenment for 65 gold pieces
 66504 | Shoals:1 | Bought a potion of might for 52 gold pieces
 66504 | Shoals:1 | Bought a potion of enlightenment for 65 gold pieces
 66504 | Shoals:1 | Bought a potion of invisibility for 104 gold pieces
 66504 | Shoals:1 | Bought a potion of ambrosia for 104 gold pieces
 66504 | Shoals:1 | Bought a potion of haste for 130 gold pieces
 66551 | Shoals:2 | Bought a scroll of enchant armour for 105 gold pieces
 66760 | Orc:2    | Bought a scroll of enchant armour for 112 gold pieces
 67121 | Zot:1    | Entered Level 1 of the Realm of Zot
 67649 | Zot:1    | Found the +4 dragonskin cloak {Aegis}
 67649 | Zot:1    | Noticed Tiamat
 67850 | Zot:1    | hi
 67853 | Depths:4 | why
 68263 | Depths:4 | Killed Tiamat
 68345 | Zot:1    | Noticed an electric golem
 68382 | Zot:1    | Killed an electric golem
 68484 | Zot:2    | Noticed an electric golem
 68493 | Zot:2    | Received a gift from Okawaru
 68601 | Zot:3    | sigh
 68743 | Zot:3    | Noticed a Killer Klown
 68744 | Zot:3    | meh
 68766 | Zot:3    | Killed a Killer Klown
 68799 | Zot:3    | :(
 69031 | Zot:4    | Received a gift from Okawaru
 69050 | Zot:4    | :(
 69075 | Zot:5    | Entered Level 5 of the Realm of Zot
 69166 | Zot:5    | Noticed an electric golem
 69223 | Zot:5    | Killed an electric golem
 69967 | Zot:5    | Reached skill level 27 in Armour
 69967 | Zot:5    | Reached XP level 27. HP: 239/249 MP: 19/32
 70024 | Zot:5    | why
 70025 | Zot:5    | Noticed an ancient lich
 70041 | Zot:5    | Killed an ancient lich
 70053 | Zot:5    | Noticed a dread lich
 70058 | Zot:5    | Killed a dread lich
 70077 | Zot:5    | Received a gift from Okawaru
 70203 | Zot:5    | Noticed an orb of fire
 70215 | Zot:5    | Killed an orb of fire
 70480 | Zot:5    | Noticed an electric golem
 70497 | Zot:5    | Killed an electric golem
 70524 | Zot:5    | Reached skill level 15 in Dodging
 70778 | Zot:5    | what
 70787 | Zot:5    | Received a gift from Okawaru
 71143 | Zot:5    | Got the Orb of Zot
 71441 | D:13     | Noticed Iskiggao the pandemonium lord
 71443 | D:13     | um
 71655 | D:$      | Escaped with the Orb!

Levels and vault maps discovered:
D:1:      nicolae_arrival_kraken_aquarium_b, layout_rooms, minivault_25
D:2:      layout_loops_ring, basic_altar, grunt_ministairs_14, minmay_tripent,
          uniq_robin
D:3:      layout_loops_cross, shapermc_ecumenical_altar_mp_ritualfount,
          uniq_crazy_yiuf_cottage
D:4:      layout_gridville, gup_sewer_entry_glass, uniq_eustachio, uniq_duvessa
D:5:      layout_cave_pools, lemuel_temple_firewalk_b, serial_shops,
          nicolae_square_shop, uniq_grinder
D:6:      layout_rooms, gammafunk_temple_overflow_forgotten
D:7:      layout_loops_ring, gammafunk_ghost_nasty_kobolds, st_stairs_14
D:8:      layout_basic, erik_lair_orcish_takeover
D:9:      layout_loops_ring, david_orc_4, hellmonk_ghost_big_iron,
          roderic_serpentine_path, nicolae_elevator_lobby_asterisk
D:10:     layout_basic
D:11:     layout_cave_pools
D:12:     layout_stronghold
D:13:     layout_roguey, nicolae_wu_jian_wuxing_cycle
D:14:     layout_layer_cave, ximxim_vaults_locker_room,
          nicolae_uskayaw_suspiria, nicolae_sextant, slow_altar_1
D:15:     hangedman_depths_entry_try_elsewhere_first, layout_layer_cave,
          nrook_pool_corridor
Temple:   hellmonk_temple_divided_pantheon
Lair:1:   layout_cave_pods
Lair:2:   layout_small_grid, enter_volcano_3, grunt_megastairs_5
Lair:3:   layout_long_grid, shoals_dummy_entry,
          nicolae_spider_entry_orb_guardian, minivault_25,
          hangedman_lair_unloving_vines, uniq_josephine, uniq_amaemon
Lair:4:   layout_hall_layers, slime_entry_2, kennysheep_rathole,
          infiniplex_staircase_pool_2
Lair:5:   gammafunk_lair_ancient_temple, layout_misc_corridors, st_stairs_12,
          uniq_nessos
Shoals:1: layout_shoals, serial_shops, shop, nicolae_shoals_flooded_hall
Shoals:2: layout_shoals, serial_shops, shop, serial_nicolae_subway,
          nicolae_sub_station_stone, nicolae_sub_station_crystal,
          nicolae_sub_station_metal, nicolae_shoals_former_cling_halls,
          uniq_frances, uniq_aizul
Shoals:3: layout_shoals, serial_shops, shop, uniq_mlioglotl, uniq_louise
Shoals:4: shoals_end_grunt_ice, layout_shoals
Spider:1: layout_spider_delve
Spider:2: layout_spider_delve
Spider:3: layout_chambers, nicolae_spider_rock_and_or_roll
Spider:4: hellmonk_spider_rune_bug_friends, nicolae_spider_solar_radiation,
          uniq_arachne
Orc:1:    layout_caves, serial_shops, shop, shop, nicolae_shop_tiny_waterfront,
          basic_altar
Orc:2:    pf_orc_diabolical, layout_diamond_mine, basic_altar, serial_shops,
          nicolae_shop_overgrown_old_shop, uniq_urug
Elf:1:    minmay_elf_arrival_plus, layout_onion_city, serial_shops,
          nicolae_diamond_shop, minmay_elf_necromancy, uniq_roxanne,
          uniq_norris, uniq_jorgrun
Elf:2:    elven_hall_of_blades_hangedman_original [nicolae_blade_little_rooms],
          layout_loops_cross, serial_shops, shop,
          nicolae_shop_temple_entry_statues_fountains, nicolae_shop_waterfront,
          nicolae_shop_hallway_stairs, portal_desolation_entry_twin_temple
Elf:3:    elf_hall, layout_geoelf_octagon, evilmike_minifort, uniq_nikola
Vaults:1: grunt_vaults_bifocal, nicolae_vaults_octothorpe,
          hangedman_vaults_nails, lightli_orcish_oven, kb_rosetta,
          nicolae_vaults_alarming, nicolae_vaults_closet_pinwheel_4,
          nicolae_vaults_weapon_check, vaults_mumra_lcd, v_misc_11,
          nicolae_vaults_storage_room_statues, layout_vaults_omnicross,
          uniq_boris
Vaults:2: nicolae_vaults_storage_room_doors, ontoclasm_vaults_ring_square,
          hangedman_vaults_cutoff, serial_ice_g, nicolae_vaults_whirlpool_walls,
          nicolae_vaults_storage_closets_3, grunt_vaults_focal,
          layout_vaults_ring
Vaults:3: vaults_room_hallway, nicolae_vaults_network_square,
          nicolae_vaults_statue_guard, nicolae_vaults_what_the_h,
          nicolae_vaults_cornered_office, nicolae_vaults_stepped_doors,
          vaults_dpeg_doors, hangedman_vaults_cutoff, nicolae_vaults_tangram_2,
          blue_anna_dwarven_crypt, v_misc_1, vaults_dpeg_emergency_exit,
          nicolae_vaults_double_plus_3, layout_vaults_chaotic_city
Vaults:4: nicolae_vaults_more_shelving_1, nicolae_vaults_variable_pillar_hall,
          hangedman_vaults_snaps, v_pattern_1,
          vaults_standard_mumra_enter_the_diamond,
          nicolae_vaults_mini_display_case, nicolae_vaults_double_plus_3,
          nicolae_vaults_closet_pinwheel_1,
          nicolae_vaults_offset_grid_hallway_4, nicolae_vaults_angled_halls,
          v_misc_25, nicolae_vaults_halls_meeting,
          nicolae_vaults_little_squares_3, layout_vaults_maze
Vaults:5: uniq_margery
Crypt:1:  layout_gridlike, grunt_crypt_arrival_guarded_gate, uniq_xtahua
Crypt:2:  layout_regular_city, ebering_ghost_inner_flame
Crypt:3:  cryptofortress_bobbens
Depths:1: layout_cave_shapes, grunt_mini_vestibule, minivault_14,
          chequers_hall_statues_wall_a, minmay_misc_feat_four_crosses,
          hangedman_blasphemy, uniq_asterion
Depths:2: gammafunk_sealed_library, layout_basic, minmay_room_of_horrors,
          serial_shops, nicolae_shop_gaudy_bauble, nicolae_diamond_shop,
          grunt_hell_entry_dis_old, pan_entry, zin_angel, firewood_loft,
          minmay_staircase_windowed_small
Depths:3: evilmike_wizard_prison, layout_basic, okawaru_ov_weapons_minmay,
          hell_entry, abyss_entry, mu_enter_wizlab_5,
          worldfamousw_hep_ancestral_shrine, uniq_jory
Depths:4: evilmike_zot_entry_castle, layout_basic, enter_ziggurat_a,
          hangedman_tar_grid_catacomb, grunt_pan_entry_spiral,
          nicolae_water_bricks, serial_library_hellmonk_layered_room,
          uniq_enchantress, uniq_grunn
Zot:1:    lemuel_draconian_sentries, layout_gridlike, uniq_parghit, uniq_tiamat
Zot:2:    layout_misc_corridors, gammafunk_ghost_tricky_traps,
          regret_index_zotdec_banners
Zot:3:    grunt_twist_and_shout, layout_onion, skrybe_zot_glass_2
Zot:4:    hangedman_snap_crack_crunch, layout_concentric_octagons,
          bh_zot_ikea_curve
Zot:5:    layout_cathedral_of_symmetry, hangedman_zot_decor_tridents

Action                     |  1- 3 |  4- 6 |  7- 9 | 10-12 | 13-15 | 16-18 | 19-21 | 22-24 | 25-27 || total
---------------------------+-------+-------+-------+-------+-------+-------+-------+-------+-------++-------
  Melee: Falchion          |    81 |   232 |       |       |       |       |       |       |       ||   313
         Dagger            |    78 |   291 |   161 |       |       |       |       |       |       ||   530
         Flail             |       |       |   144 |   373 |    59 |       |       |       |       ||   576
         Morningstar       |       |       |   110 |   365 |   285 |       |       |       |       ||   760
         Demon whip        |       |       |       |       |   838 |  1101 |   731 |       |       ||  2670
         Eveningstar       |       |       |       |       |   670 |  1168 |  1380 |  2450 |  1843 ||  7511
  Throw: Throwing net      |       |       |       |     1 |       |       |       |       |       ||     1
         Dart              |       |       |       |     4 |     4 |    30 |     6 |     4 |     8 ||    56
         Javelin           |       |       |       |     2 |       |       |       |       |       ||     2
 Invoke: Heroism           |       |       |     2 |     4 |       |     4 |     2 |     2 |     3 ||    17
         Receive Weapon    |       |       |       |       |     1 |       |       |       |       ||     1
         Finesse           |       |       |       |       |     2 |    13 |    17 |    23 |    15 ||    70
         Receive Armour    |       |       |       |       |       |     1 |       |       |       ||     1
Ability: Invent Gizmo      |       |       |       |       |     1 |       |       |       |       ||     1
  Evoke: Wand              |       |       |       |    21 |    11 |    16 |    12 |     5 |    25 ||    90
         Lightning rod     |       |       |       |       |       |       |       |       |     4 ||     4
    Use: Scroll            |       |     6 |    14 |     4 |     8 |    11 |    11 |    16 |    35 ||   105
         Potion            |       |       |     1 |     1 |       |     8 |    12 |     1 |    23 ||    46
   Stab: Sleeping          |     1 |       |       |       |       |       |       |       |       ||     1
         Distracted        |       |       |       |     9 |     6 |       |       |       |       ||    15
         Held in net/web   |       |       |       |     2 |       |       |       |     2 |       ||     4
         Invisible         |       |       |       |       |       |       |       |       |    11 ||    11
 Armour: Leather armour    |    20 |       |       |       |       |       |       |       |       ||    20
         Ring mail         |     9 |       |       |       |       |       |       |       |       ||     9
         Chain mail        |    30 |   278 |   193 |   293 |   689 |   944 |   399 |       |       ||  2826
         Plate armour      |       |       |       |       |       |       |   187 |   875 |   705 ||  1767
  Dodge: Dodged            |    37 |   137 |    61 |   115 |   310 |   433 |   254 |   360 |   310 ||  2017
         Repelled          |       |       |       |       |    32 |    37 |    65 |    45 |    79 ||   258
